 Dungeon Crawl Stone Soup version 0.31-a0-233-g139696dc86 (webtiles) character file.

Game seed: 8883391781565952422

16 qw the Shooter (level 2, -1/16 HPs)
             Began as a Gargoyle Hexslinger on July 9, 2023.
             Slain by a jackal (2 damage)
             ... on level 1 of the Dungeon.
             The game lasted 00:00:07 (265 turns).

qw the Shooter (Gargoyle Hexslinger)                 Turns: 265, Time: 00:00:08

Health: -1/16      AC:  4    Str: 11    XL:     2   Next: 58%
Magic:  3/3        EV: 12    Int: 13    God:
Gold:   41         SH:  0    Dex: 12    Spells: 2/3 levels left

rFire   . . .        a - +1 sling
rCold   . . .        (no shield)
rNeg    + . .        c - +0 robe
rPois   inf          (no helmet)
rElec   +            (no cloak)
rCorr   .            (no gloves)
SInv    .            (no boots)
Will    .....        (no amulet)
Stlth   +            (no ring)
HPRegen 0.22/turn    (no ring)
MPRegen 0.08/turn

%: no passive effects
@: no status effects
A: sickness immunity, AC +2, negative energy resistance 1, electricity
resistance, torment resistance 1, petrification resistance
a: no special abilities


You were on level 1 of the Dungeon.
You visited 1 branch of the dungeon, and saw 1 of its levels.

You collected 41 gold pieces.


Innate Abilities, Weirdness & Mutations

You are immune to sickness and miasma.
Your stone body is resilient. (AC +2)
You are immune to poison.
You resist negative energy. (rN+)
You are resistant to electric shocks. (rElec)
You are resistant to unholy torment.
You are immune to petrification.


   Skills:
 + Level 1.4 Fighting
 - Level 3.0 Ranged Weapons
 - Level 1.5 Dodging
 - Level 1.0 Spellcasting
 - Level 2.6 Hexes


You had 2 spell levels left.
You knew the following spells:

 Your Spells              Type           Power      Damage    Failure   Level
a - Slow                  Hex            28%        N/A       10%         1

Your spell library contained the following spells:

 Spells                   Type           Power      Damage    Failure   Level
 Inner Flame              Hex/Fire       4%         N/A       43%         3
 Portal Projectile        Hex/Tloc       8%         N/A       43%         3
 Cause Fear               Hex            3%         N/A       67%         4

Inventory:

Hand Weapons
 a - a +1 sling (weapon)
Armour
 c - a +0 robe (worn)
 d - a +0 ring mail
Jewellery
 f - a ring of magical power
Scrolls
 b - a scroll of poison
 e - a scroll of vulnerability {unknown}
 g - a scroll of identify {unknown}

Dungeon Overview and Level Annotations

Branches:
Dungeon (1/15)

Altars:


Message History

The goblin hits you but does no damage.
The jackal bites you but does no damage. x2
You shoot a sling bullet.
The sling bullet barely misses the giant cockroach.
The giant cockroach closely misses you. The jackal misses you.
The jackal barely misses you.
A frilled lizard comes into view.
The goblin hits you but does no damage. The giant cockroach closely misses you.
You shoot a sling bullet. The frilled lizard hisses angrily.
The sling bullet hits the giant cockroach!
You kill the giant cockroach!
The jackal bites you but does no damage.
The jackal barely misses you. The goblin closely misses you.
The jackal barely misses you.
The ball python bites you but does no damage.
The ball python barely misses you.
The jackal bites you but does no damage.
The goblin closely misses you.
You shoot a sling bullet. The sling bullet hits the ball python.
The ball python is severely wounded.
The jackal misses you. The jackal barely misses you.
The ball python barely misses you. The ball python misses you.
The jackal misses you. The goblin hits you with a +0 dagger.
The jackal barely misses you.
You shoot a sling bullet.
The sling bullet hits the ball python but does no damage.
The ball python is severely wounded.
The ball python barely misses you. x2; The jackal barely misses you.
The jackal bites you. The goblin misses you. The ball python bites you.
The ball python closely misses you. The jackal bites you.
You shoot a sling bullet.
The sling bullet closely misses the ball python.
The jackal bites you. The ball python barely misses you. x2
The jackal completely misses you. The jackal closely misses you.
The goblin barely misses you.
You shoot a sling bullet.
The sling bullet closely misses the ball python.
The jackal bites you.
You die...

#.# #######
####.#####.....#
..#.##........#
##.#.#(........#
...#.#.)..##.###
##>)...#####.#####
.........###.....#####..
##.##...........gS......
................@hh.....
.####...####.####hl.....
.# #...# ### ....... .#
##..# ....... .# ..#
.?..... .##### .......
.....# $...... .....#
....... .....# ....##


You could see 3 jackals, a goblin, a ball python and a frilled lizard.

Vanquished Creatures
  A dart slug (D:1)
  3 ball pythons (D:1)
  2 endoplasms (D:1)
  A giant cockroach (D:1)
  2 goblins (D:1)
  A jackal (D:1)
  A kobold (D:1)
  2 rats (D:1)
13 creatures vanquished.

Notes
Turn   | Place    | Note
-------+----------+-------------------------------------------
     0 | D:1      | qw the Gargoyle Hexslinger began the quest for the Orb.
     0 | D:1      | Reached XP level 1. HP: 12/12 MP: 2/2
     0 | D:1      | 0 ||| qw: Version: 0.3-a-51-g015441d
     0 | D:1      | 0 ||| qw: Game counter: 3792
     0 | D:1      | 0 ||| qw: Melee chars always use a shield: true
     0 | D:1      | 0 ||| qw: God list: Okawaru
     0 | D:1      | 0 ||| qw: Allow faded altars: false
     0 | D:1      | 0 ||| qw: Do Orc after clearing Dungeon:15 true
     0 | D:1      | 0 ||| qw: Do second Lair branch before Depths: true
     0 | D:1      | 0 ||| qw: Lair rune preference: random
     0 | D:1      | 0 ||| qw: Goals: Normal
     0 | D:1      | 0 ||| PLANNING D:1-11
   178 | D:1      | Reached XP level 2. HP: 16/16 MP: 3/3
   253 | D:1      | Reached skill level 3 in Ranged Weapons
   263 | D:1      | HP: 4/16 [ball python (2)]
   264 | D:1      | HP: 1/16 [jackal (2)]
   265 | D:1      | Slain by a jackal

Levels and vault maps discovered:
D:1:      psy_arrival_radial01, layout_basic

Skill      XL: |  1  2 |
---------------+-------+-----
Ranged Weapons | 3 |  3.0
Fighting       | |  1.4
Dodging        | |  1.5
Spellcasting   | |  1.0
Hexes          | |  2.6

Action                     || total
---------------------------++-------
   Fire: Sling             ||    33
 Armour: Robe              ||    19
  Dodge: Dodged            ||    44

Table legend:
 A = Non-vault XP
 B = Vault XP
 C = Vault XP percentage of total XP
 D = Non-vault monster count
 E = Vault monster count
 F = Vault count percentage of total count
                 A         B        C        D         E       F
            +---------+---------+-------+---------+---------+-------
      Total |      24 |       0 |   0.0 |      13 |       0 |   0.0
            +---------+---------+-------+---------+---------+-------
        D:1 |      24 |       0 |   0.0 |      13 |       0 |   0.0
            +---------+---------+-------+---------+---------+-------
